 Dungeon Crawl Stone Soup version 0.31-a0-167-g1c394c0614 (webtiles) character file.

Game seed: 9647751168541354415

35 qw the Shooter (level 3, -1/32 HPs)
             Began as a Naga Hunter on June 14, 2023.
             Killed from afar by Sigmund (12 damage)
             ... with a puff of flame
             ... on level 2 of the Dungeon.
             The game lasted 00:00:16 (748 turns).

qw the Shooter (Naga Hunter)                         Turns: 748, Time: 00:00:17

Health: -1/32      AC:  4    Str: 13    XL:     3   Next: 35%
Magic:  3/3        EV:  8    Int:  9    God:
Gold:   56         SH:  0    Dex: 16    Spells: 2/2 levels left

rFire   . . .        Y - +0 shortbow
rCold   . . .        (shield currently unavailable)
rNeg    + . .        g - +1 ring mail {rN+}
rPois   +            (no helmet)
rElec   .            (no cloak)
rCorr   .            (no gloves)
SInv    +            (no barding)
Will    .....        (no amulet)
Stlth   +            (no ring)
HPRegen 0.25/turn    (no ring)
MPRegen 0.08/turn

%: no passive effects
@: short of breath, very slow
A: AC +1, large, see invisible, deformed body, poison resistance, slowness 2,
spit poison 1, naga tail 1
a: Spit Poison


You were on level 2 of the Dungeon.
You visited 1 branch of the dungeon, and saw 2 of its levels.

You collected 56 gold pieces.


Innate Abilities, Weirdness & Mutations

Your serpentine skin is tough. (AC +1)
You have supernaturally acute eyesight. (SInv)
Armour fits poorly on your strangely shaped body.
Your system is resistant to poisons. (rPois)
You cover ground very slowly.
You can spit poison.
You have a snake-like lower body.


   Skills:
 - Level 2.0 Fighting
 + Level 4.6 Ranged Weapons
 - Level 1.5 Dodging
 - Level 1.5 Stealth


You had 2 spell levels left.
You didn't know any spells.
Your spell library was empty.

Inventory:

Hand Weapons
 Y - a +0 shortbow (weapon)
Armour
 g - a +1 ring mail of positive energy (worn)
Potions
 f - a potion of curing

Dungeon Overview and Level Annotations

Branches:
Dungeon (2/15)

Altars:

Annotations:
D:2 Sigmund


Message History

Sigmund is severely wounded.
You shoot an arrow. The arrow closely misses Sigmund.
You shoot an arrow.
The arrow hits Sigmund but does no damage.
Sigmund is severely wounded.
You have got your breath back.
Sigmund says, "I'm your fate." Sigmund barely misses you.
An endoplasm comes into view.
741 ||| INVOKING Spit Poison.
Aiming: Spit Poison (2% risk of failure)
Press: ? - help, Shift-Dir - straight line, f/p - Sigmund The splash of poison hits Sigmund.
Sigmund is poisoned.
Sigmund is severely wounded.
You shoot an arrow. The arrow hits the rat!
You kill the rat!
Sigmund points at you and mumbles some strange words.
The puff of flame misses you.
Sigmund hits you from afar with a +2 heavy scythe.
You shoot an arrow. The arrow hits Sigmund.
Sigmund is almost dead.
You shoot an arrow. The arrow hits Sigmund.
Sigmund is almost dead.
Sigmund barely misses you.
You shoot an arrow. The arrow closely misses Sigmund.
You have got your breath back.
746 ||| INVOKING Spit Poison.
Aiming: Spit Poison (2% risk of failure)
Press: ? - help, Shift-Dir - straight line, f/p - Sigmund The splash of poison misses Sigmund.
Sigmund zaps a wand.
The puff of flame hits you.
You shoot an arrow.
The arrow hits Sigmund but does no damage.
Sigmund is almost dead.
Sigmund looks more healthy.
Sigmund gestures at you while chanting. The puff of flame hits you!
You shoot an arrow. The arrow barely misses Sigmund.
Sigmund zaps a wand.
The puff of flame hits you!
You die...

### #. ..# #. #.#
####### #.# #.# #.....#
#... #.#####.. #.....#
##..####........ #.....#
#.......@.@.....
#.....###...............
#.........#...#######...
##.##.##..#...# .
#.##.##..##..#
##.##......)..#
#...####......#####
..#.####.##)......#
#........##.......#


You could see Sigmund (resistant, invisible).

Vanquished Creatures
  A gnoll (D:2)
  A dart slug (D:1)
  5 endoplasms
  4 goblins
  2 hobgoblins (D:1)
  2 ball pythons (D:1)
  2 bats (D:1)
  2 kobolds (D:1)
  4 rats
23 creatures vanquished.

Notes
Turn   | Place    | Note
-------+----------+-------------------------------------------
     0 | D:1      | qw the Naga Hunter began the quest for the Orb.
     0 | D:1      | Reached XP level 1. HP: 19/19 MP: 1/1
     0 | D:1      | 0 ||| qw: Version: 0.2-a-29-g1fa15c8
     0 | D:1      | 0 ||| qw: Game counter: 5123
     0 | D:1      | 0 ||| qw: Always use a shield: true
     0 | D:1      | 0 ||| qw: God list: Okawaru
     0 | D:1      | 0 ||| qw: Allow faded altars: false
     0 | D:1      | 0 ||| qw: Do Orc after D:15 true
     0 | D:1      | 0 ||| qw: Do second Lair branch before Depths: true
     0 | D:1      | 0 ||| qw: Lair rune preference: random
     0 | D:1      | 0 ||| qw: Plans: Normal
     0 | D:1      | 0 ||| PLANNING D:1-11
    14 | D:1      | 14 ||| INVOKING Spit Poison.
    18 | D:1      | 18 ||| INVOKING Spit Poison.
    65 | D:1      | 65 ||| INVOKING Spit Poison.
    74 | D:1      | 74 ||| INVOKING Spit Poison.
   139 | D:1      | Reached skill level 4 in Ranged Weapons
   139 | D:1      | Reached XP level 2. HP: 26/26 MP: 2/2
   277 | D:1      | 277 ||| INVOKING Spit Poison.
   280 | D:1      | 280 ||| INVOKING Spit Poison.
   307 | D:1      | 307 ||| INVOKING Spit Poison.
   345 | D:1      | 345 ||| Stepping ~*~*~tactically~*~*~ (outnumbered).
   347 | D:1      | 347 ||| INVOKING Spit Poison.
   348 | D:1      | 348 ||| Stepping ~*~*~tactically~*~*~ (outnumbered).
   351 | D:1      | 351 ||| Stepping ~*~*~tactically~*~*~ (outnumbered).
   352 | D:1      | 352 ||| INVOKING Spit Poison.
   429 | D:1      | 429 ||| INVOKING Spit Poison.
   466 | D:1      | 466 ||| INVOKING Spit Poison.
   501 | D:1      | 501 ||| INVOKING Spit Poison.
   610 | D:1      | 610 ||| UPGRADING to +1 ring mail of positive energy.
   620 | D:1      | 620 ||| DROPPING +0 leather armour.
   621 | D:1      | 621 ||| READING scroll labelled VURAAL CIWN.
   622 | D:1      | 622 ||| READING scroll labelled ZIUGRAKLI HOAJ.
   623 | D:1      | 623 ||| DRINKING 2 glowing green potions.
   624 | D:1      | 624 ||| DROPPING scroll of butterflies.
   711 | D:2      | 711 ||| INVOKING Spit Poison.
   716 | D:2      | Reached XP level 3. HP: 32/32 MP: 3/3
   717 | D:2      | 717 ||| INVOKING Spit Poison.
   720 | D:2      | 720 ||| INVOKING Spit Poison.
   732 | D:2      | Noticed Sigmund
   737 | D:2      | 737 ||| INVOKING Spit Poison.
   741 | D:2      | 741 ||| INVOKING Spit Poison.
   746 | D:2      | 746 ||| INVOKING Spit Poison.
   748 | D:2      | Killed from afar by Sigmund

Levels and vault maps discovered:
D:1:      lightli_arrival_lavapool, layout_loops_ring,
          nicolae_concentric_dashed_squares_mild, wad_woods_river_04
D:2:      layout_loops_cross, chequers_ecumenical_altar_simple_redux,
          uniq_sigmund

Skill      XL: |  1 |
---------------+----+-----
Ranged Weapons | 4 |  4.6
Fighting       | |  2.0
Dodging        | |  1.5
Stealth        | |  1.5

Action                     || total
---------------------------++-------
   Fire: Shortbow          ||    39
Ability: Spit Poison       ||    18
    Use: Scroll            ||     2
         Potion            ||     1
 Armour: Leather armour    ||     2
         Ring mail         ||     1
  Dodge: Dodged            ||     7

Table legend:
 A = Non-vault XP
 B = Vault XP
 C = Vault XP percentage of total XP
 D = Non-vault monster count
 E = Vault monster count
 F = Vault count percentage of total count
                 A         B        C        D         E       F
            +---------+---------+-------+---------+---------+-------
      Total |      51 |       0 |   0.0 |      23 |       0 |   0.0
            +---------+---------+-------+---------+---------+-------
        D:1 |      32 |       0 |   0.0 |      19 |       0 |   0.0
        D:2 |      19 |       0 |   0.0 |       4 |       0 |   0.0
            +---------+---------+-------+---------+---------+-------
